 Dungeon Crawl Stone Soup version 0.30-a0-715-gdb4ae3ece1 (webtiles) character file.

Game seed: 1824023721989483299

93 Citaku the Sneak (level 4, -6/26 HPs)
             Began as a Vampire Brigand on Jan 23, 2023.
             Mangled by Grinder (8 damage)
             ... on level 3 of the Dungeon.
             The game lasted 00:07:45 (1611 turns).

Citaku the Sneak (Vampire Brigand)                  Turns: 1611, Time: 00:07:45

Health: -6/26      AC:  4    Str: 10    XL:     4   Next: 37%
Magic:  4/4        EV: 12    Int: 13    God:
Gold:   139        SH:  0    Dex: 17    Spells: 3/3 levels left

rFire   . . .      SeeInvis +    l - +2 short sword (drain)
rCold   + + .      Faith    .    (no shield)
rNeg    + + +      Spirit   .    b - +0 robe
rPois   ∞          Reflect  .    (no helmet)
rElec   .          Harm     .    c - +0 cloak
rCorr   .          Rampage  .    m - +0 pair of gloves
Will    .....                    (no boots)
Stlth   ++++++                   (no amulet)
HPRegen 0.00/turn                (no ring)
MPRegen 0.09/turn                (no ring)

@: bloodless, inhibited regen
A: bloodless, fangs 3, see invisible, vampiric 2
a: Bat Form, Revivify


You were on level 3 of the Dungeon.
You visited 1 branch of the dungeon, and saw 3 of its levels.

You collected 139 gold pieces.

Inventory:

Hand Weapons
 l - a +2 short sword of draining (weapon)
Armour
 b - a +0 robe (worn)
 c - a +0 cloak (worn)
 m - a +0 pair of gloves (worn)
Scrolls
 a - a scroll of blinking {unknown}
 f - 4 scrolls of teleportation {unknown}
 g - a scroll of enchant weapon {unknown}
 h - a scroll of vulnerability {unknown}
 j - 3 scrolls of immolation {unknown}
 k - a scroll of identify {unknown}
 n - 3 scrolls of butterflies {unknown}
 o - 2 scrolls of fear {unknown}
Potions
 i - 5 potions of curing {unknown}
 p - a potion of cancellation {unknown}


   Skills:
 - Level 2.1 Fighting
 - Level 3.2 Short Blades
 * Level 2.2 Throwing
 + Level 1.7 Dodging
 * Level 6.9 Stealth


You had 3 spell levels left.
You didn't know any spells.
Your spell library was empty.

Dungeon Overview and Level Annotations

Branches:
Dungeon (3/15)

Altars:
Okawaru

Annotations:
D:3 Grinder


Innate Abilities, Weirdness & Mutations

You do not regenerate when monsters are visible.
You are frail without blood (-20% HP).
You can heal yourself when you bite living creatures.
You are immune to poison.
You have razor-sharp teeth.
You have supernaturally acute eyesight. (SInv)
You are afflicted with vampirism and can become a bat while bloodless.


Message History

Throw: 4 darts (poison)
Press: ? - help, Q - select action Shift-Dir - straight line, f/p - Grinder
Aim: Grinder (severely wounded, poisoned, 58% to hit)
You throw a poisoned dart.
The poisoned dart closely misses Grinder.
Grinder blinks!
Throw: 3 darts (poison)
Press: ? - help, Q - select action Shift-Dir - straight line, f/p - Grinder
Aim: Grinder (severely wounded, poisoned, 58% to hit)
You throw a poisoned dart.
The poisoned dart barely misses Grinder.
Throw: 2 darts (poison)
Press: ? - help, Q - select action Shift-Dir - straight line, f/p - Grinder
Aim: Grinder (severely wounded, poisoned, 58% to hit)
You throw a poisoned dart. The poisoned dart hits Grinder.
Grinder is severely wounded.
Grinder looks more healthy.
Throw: dart (poison)
Press: ? - help, Q - select action Shift-Dir - straight line, f - you
Okay, then.
Grinder is nearby!
Throw: dart (poison)
Press: ? - help, Q - select action Shift-Dir - straight line, f/p - Grinder
Aim: Grinder (severely wounded, 58% to hit)
You throw a poisoned dart.
The poisoned dart barely misses Grinder.
Grinder says, "I used to sell toenails on the black market."
Grinder is nearby!
Unknown command.
You hit Grinder.
Grinder is severely wounded.
Grinder completely misses you.
You hit Grinder but do no damage.
Grinder is severely wounded.
Grinder hits you.
* * * LOW HITPOINT WARNING * * *
You barely miss Grinder.
Grinder is severely wounded.
Grinder hits you!
You die...

#.# #######.##
.........# #†.## #.#
#...# .#.## #.#.#####
##....#
#.......###.....# #
.#######.##.........#.#
(.(...(....((@#.....#!##
(...(....†..†#5#........
(.###.........#.......#
#.##............#####
#......(.............
########(#....######
#.#.##.# #.#.##.##
#.#.##..###


You could see Grinder.

Vanquished Creatures
  3 adders
  4 orcs (D:3)
  4 ball pythons
  3 bats
  7 endoplasms
  4 giant cockroaches
  6 hobgoblins
  4 jackals (D:3)
  4 kobolds (D:1)
  2 quokkas
  A frilled lizard (D:3)
  8 goblins
  2 rats (D:1)
52 creatures vanquished.

Notes
Turn   | Place    | Note
-------+----------+-------------------------------------------
     0 | D:1      | Citaku the Vampire Brigand began the quest for the Orb.
     0 | D:1      | Reached XP level 1. HP: 16/16 MP: 1/1
   131 | D:1      | Reached skill level 6 in Stealth
   141 | D:1      | Reached XP level 2. HP: 17/17 MP: 2/2
   534 | D:1      | Gained mutation: You are afflicted with vampirism and can
                  | become a bat while bloodless. [Vampire growth]
   534 | D:1      | Reached XP level 3. HP: 21/21 MP: 3/3
   763 | D:2      | Noticed a shining eye
   778 | D:2      | Found a faded altar of an unknown god.
   778 | D:2      | Noticed a great orb of eyes
   782 | D:2      | Noticed a shining eye
   782 | D:2      | Noticed a golden eye
  1391 | D:3      | Reached XP level 4. HP: 20/26 MP: 4/4
  1548 | D:3      | Found an iron altar of Okawaru.
  1577 | D:3      | Noticed Grinder
  1591 | D:3      | Paralysed by Grinder for 2 turns
  1611 | D:3      | Mangled by Grinder

Illustrated notes

Levels and vault maps discovered:
D:1:      psy_arrival_fountain, layout_loops_ring, grunt_decor_resistance,
          minmay_misc_feat_more_columns
D:2:      layout_basic, hellmonk_ecumenical_altar_watching_god
D:3:      layout_basic, okawaru_metal_pillars_1_2, tgw_kikubaaqudgha,
          uniq_grinder

Skill      XL: |  1  2  3 |
---------------+----------+-----
Stealth        | 6 |  6.9
Fighting       | 2 |  2.1
Throwing       | 2 |  2.2
Short Blades   | 3 |  3.2
Dodging        | |  1.7

Action                     |  1- 3 |  4- 6 || total
---------------------------+-------+-------++-------
  Melee: Dagger            |    45 |       ||    45
         Short sword       |    30 |    23 ||    53
         Bite              |     3 |     2 ||     5
  Throw: Dart              |    30 |    21 ||    51
Ability: Exsanguinate      |     1 |       ||     1
   Stab: Sleeping          |    12 |       ||    12
 Armour: Robe              |    16 |     5 ||    21
  Dodge: Dodged            |    27 |    20 ||    47

Table legend: (Time is in decaauts)
 A = Elapsed time spent in this place.
 B = Non-inter-level travel time spent in this place.
 C = Inter-level travel time spent in this place.
 D = Time resting spent in this place.
 E = Time spent auto-exploring this place.
 F = Levels seen in this place.
 G = Mean time per level.
                   A        B        C        D        E       F      G
               +--------+--------+--------+--------+--------+-----+--------+
         Total |   1591 |   1507 |     84 |      0 |   1014 |   3 |  530.3 |
       Dungeon |   1591 |   1507 |     84 |      0 |   1014 |   3 |  530.3 |
               +--------+--------+--------+--------+--------+-----+--------+

Top non-repeatable levels by time:
     D:1: 755 daAuts
     D:2: 555 daAuts
     D:3: 280 daAuts
